SAAA
PENNSAUKEN FLYERS @ ROYSE CITY TARGARYENS
09/18/2032
 
TOP OF THE 1ST
Pennsauken Flyers batting - Pitching for Royse City Targaryens : RHP Emershan Naidoo
Pitching: RHP Emershan Naidoo
Batting: RHB Enrique Ibarra 0-0: Ball
1-0: Called Strike
1-1: Fly out, F9 (Line Drive, 9D)
Batting: RHB Chris Teague 0-0: Ball
1-0: Fly out, F7 (Flyball, 7S)
Batting: RHB Lester Kwiatkowski 0-0: Swinging Strike
0-1: Ball
1-1: Ground out 4-3 (Groundball, 34D)
Top of the 1st over - 0 runs, 0 hits, 0 errors, 0 left on base; Pennsauken 0 - Royse City 0
BOTTOM OF THE 1ST
Royse City Targaryens batting - Pitching for Pennsauken Flyers : RHP Augusto Ramos
Pitching: RHP Augusto Ramos
Batting: LHB Chris Fitzgerald 0-0: Called Strike
0-1: Ball
1-1: Swinging Strike
1-2: Strikes out swinging, 2-3 out at first.
Batting: LHB Jayden Laming 0-0: Foul Ball, location: 2F
0-1: Foul Ball, location: 2F
0-2: Ball
1-2: Foul Ball, location: 2F
1-2: Strikes out swinging
Batting: RHB Cristo Cuervo 0-0: Called Strike
0-1: Ball
1-1: Ball
2-1: Fly out, F7 (Flyball, 78M)
Bottom of the 1st over - 0 runs, 0 hits, 0 errors, 0 left on base; Pennsauken 0 - Royse City 0
TOP OF THE 2ND
Pennsauken Flyers batting - Pitching for Royse City Targaryens : RHP Emershan Naidoo
Batting: LHB Gong Mao 0-0: Called Strike
0-1: Ball
1-1: Ball
2-1: Foul Ball, location: 2F
2-2: Strikes out swinging
Batting: RHB Vincente Flores 0-0: Called Strike
0-1: Fly out, F9 (Flyball, 9LM)
Batting: RHB Kazuyoshi Yoshida 0-0: Called Strike
0-1: Ball
1-1: Foul Ball, location: 2F
1-2: Fly out, F8 (Flyball, 8LD)
Top of the 2nd over - 0 runs, 0 hits, 0 errors, 0 left on base; Pennsauken 0 - Royse City 0
BOTTOM OF THE 2ND
Royse City Targaryens batting - Pitching for Pennsauken Flyers : RHP Augusto Ramos
Batting: LHB Joe Karnowski 0-0: Ball
1-0: Ground out U3 (Groundball, 3)
Batting: RHB Manuel Ramos 0-0: SINGLE (Groundball, 34D)
Batting: RHB Craig Greene 0-0: Called Strike
0-1: Ball
1-1: Ball
2-1: Foul Ball, location: 2F
2-2: SINGLE (Groundball, 56D)
Manuel Ramos to second
Batting: LHB Fernando Ramírez 0-0: Grounds into double play, 4-6-3 (Groundball, 4)
Bottom of the 2nd over - 0 runs, 2 hits, 0 errors, 1 left on base; Pennsauken 0 - Royse City 0
TOP OF THE 3RD
Pennsauken Flyers batting - Pitching for Royse City Targaryens : RHP Emershan Naidoo
Batting: RHB Carlos Ávila 0-0: Ball
1-0: Called Strike
1-1: Ball
2-1: Foul Ball, location: 2F
2-2: Strikes out swinging
Batting: RHB Marc Beck 0-0: Ball
1-0: Ball
2-0: Swinging Strike
2-1: SINGLE (Groundball, 4MS) (infield hit)
Batting: RHB Jack Willis 0-0: Called Strike
0-1: Ball
1-1: Ball
2-1: SINGLE (Groundball, 4MD)
Marc Beck to second
Batting: RHB Enrique Ibarra 0-0: Ball
1-0: DOUBLE (Line Drive, 7LS)
Marc Beck scores
Jack Willis to third
Batting: RHB Chris Teague 0-0: Ball
1-0: Ball
2-0: Foul Ball, location: 2F
2-1: Called Strike
2-2: Foul Ball, location: 2F
2-2: Strikes out swinging
Batting: RHB Lester Kwiatkowski 0-0: Foul Ball, location: 2F
0-1: Called Strike
0-2: Ground out U3 (Groundball, 3S)
Top of the 3rd over - 1 run, 3 hits, 0 errors, 2 left on base; Pennsauken 1 - Royse City 0
BOTTOM OF THE 3RD
Royse City Targaryens batting - Pitching for Pennsauken Flyers : RHP Augusto Ramos
Batting: RHB José García 0-0: Ball
1-0: Foul Ball, location: 2F
1-1: Ball
2-1: Ball
3-1: Called Strike
3-2: Ground out 1-3 (Groundball, 15S)
Batting: LHB Santiago Miranda 0-0: Called Strike
0-1: Foul Ball, location: 2F
0-2: DOUBLE (Flyball, 9LD)
Batting: LHB Chris Fitzgerald 0-0: Foul Ball, location: 2F
0-1: Foul Ball, location: 2F
0-2: Ball
1-2: Strikes out swinging
Batting: LHB Jayden Laming 0-0: Ground out U3 (Groundball, 3L)
Bottom of the 3rd over - 0 runs, 1 hit, 0 errors, 1 left on base; Pennsauken 1 - Royse City 0
TOP OF THE 4TH
Pennsauken Flyers batting - Pitching for Royse City Targaryens : RHP Emershan Naidoo
Batting: LHB Gong Mao 0-0: Foul Ball, location: 2F
0-1: Foul Ball, location: 2F
0-2: Fly out, F9 (Flyball, 9)
Batting: RHB Vincente Flores 0-0: Called Strike
0-1: Swinging Strike
0-2: Ball
1-2: Strikes out swinging
Batting: RHB Kazuyoshi Yoshida 0-0: Ball
1-0: Called Strike
1-1: Called Strike
1-2: Ground out 4-3 (Groundball, 4)
Top of the 4th over - 0 runs, 0 hits, 0 errors, 0 left on base; Pennsauken 1 - Royse City 0
BOTTOM OF THE 4TH
Royse City Targaryens batting - Pitching for Pennsauken Flyers : RHP Augusto Ramos
Batting: RHB Cristo Cuervo 0-0: Ground out 5-3 (Groundball, 5)
Batting: LHB Joe Karnowski 0-0: Called Strike
0-1: Ball
1-1: Foul Ball, location: 2F
1-2: SOLO HOME RUN (Flyball, 9D), Distance : 347 ft
Batting: RHB Manuel Ramos 0-0: Called Strike
0-1: Called Strike
0-2: Ball
1-2: Foul Ball, location: 2F
1-2: Ground out U3 (Groundball, 34S)
Batting: RHB Craig Greene 0-0: Ball
1-0: Ball
2-0: Ball
3-0: Base on Balls
Batting: LHB Fernando Ramírez 0-0: Foul Ball, location: 2F
0-1: Ball
1-1: Called Strike
1-2: Foul Ball, location: 2F
1-2: Foul Ball, location: 2F
1-2: Ball
2-2: Ground out 4-3 (Groundball, 4)
Bottom of the 4th over - 1 run, 1 hit, 0 errors, 1 left on base; Pennsauken 1 - Royse City 1
TOP OF THE 5TH
Pennsauken Flyers batting - Pitching for Royse City Targaryens : RHP Emershan Naidoo
Batting: RHB Carlos Ávila 0-0: Called Strike
0-1: Ball
1-1: Ball
2-1: Foul Ball, location: 2F
2-2: Ground out 3-1 (Groundball, 34)
Batting: RHB Marc Beck 0-0: Called Strike
0-1: Ball
1-1: Fly out, F8 (Flyball, 8LD)
Batting: RHB Jack Willis 0-0: Ball
1-0: Swinging Strike
1-1: Ball
2-1: Ball
3-1: Foul Ball, location: 2F
3-2: SINGLE (Groundball, 56D)
Batting: RHB Enrique Ibarra 0-0: Ball
1-0: Swinging Strike
1-1: Fielders Choice at 2nd, 6-4 (Groundball, 6)
Top of the 5th over - 0 runs, 1 hit, 0 errors, 1 left on base; Pennsauken 1 - Royse City 1
BOTTOM OF THE 5TH
Royse City Targaryens batting - Pitching for Pennsauken Flyers : RHP Augusto Ramos
Batting: RHB José García 0-0: Called Strike
0-1: Ball
1-1: Ground out 4-3 (Groundball, 4)
Batting: LHB Santiago Miranda 0-0: Called Strike
0-1: Swinging Strike
0-2: Ball
1-2: Ball
2-2: Ball
3-2: Foul Ball, location: 2F
3-2: Base on Balls
Batting: LHB Chris Fitzgerald 0-0: Swinging Strike
0-1: Ball
1-1: SINGLE (Groundball, 4D)
Santiago Miranda to second
Runner from 2nd tries for 3rd, SAFE, no throw
Batting: LHB Jayden Laming 0-0: Ball
1-0: Ball
2-0: SINGLE (Groundball, 3D)
Santiago Miranda scores
Chris Fitzgerald to second
Runner from 2nd tries for 3rd, SAFE, no throw
Batting: RHB Cristo Cuervo 0-0: Ball
1-0: Called Strike
1-1: Called Strike
1-2: Foul Ball, location: 2F
1-2: Ball
2-2: Strikes out swinging
Batting: LHB Joe Karnowski Pickoff Throw to First - Error! E1
Chris Fitzgerald scores
Jayden Laming to second
0-0: Called Strike
0-1: Called Strike
0-2: Ball
1-2: Strikes out swinging
Bottom of the 5th over - 2 runs, 2 hits, 1 error, 1 left on base; Pennsauken 1 - Royse City 3
TOP OF THE 6TH
Pennsauken Flyers batting - Pitching for Royse City Targaryens : RHP Emershan Naidoo
Batting: RHB Chris Teague 0-0: Ball
1-0: Ball
2-0: Foul Ball, location: 2F
2-1: Ball
3-1: Called Strike
3-2: Base on Balls
Batting: RHB Lester Kwiatkowski 0-0: Ball
1-0: Ball
2-0: Ball
3-0: Base on Balls
Chris Teague to second
Batting: LHB Gong Mao 0-0: Ball
1-0: Foul Ball, location: 2F
1-1: Ball
2-1: Foul Ball, location: 2F
2-2: Strikes out swinging
Batting: RHB Vincente Flores 0-0: Ball
1-0: Ball
2-0: Foul Ball, location: 2F
2-1: Ball
3-1: Foul Ball, location: 2F
3-2: Base on Balls
Chris Teague to third
Lester Kwiatkowski to second
Batting: RHB Kazuyoshi Yoshida 0-0: Foul Ball, location: 2F
0-1: Ball
1-1: Foul Ball, location: 2F
1-2: Ball
2-2: Ball
3-2: Foul Ball, location: 2F
3-2: GRAND SLAM HOME RUN (Flyball, 7LD), Distance : 348 ft
Batting: RHB Carlos Ávila 0-0: Swinging Strike
0-1: Foul Ball, location: 2F
0-2: Ball
1-2: Strikes out looking
Batting: RHB Marc Beck 0-0: Ball
1-0: Foul Ball, location: 2F
1-1: Swinging Strike
1-2: Strikes out swinging
Top of the 6th over - 4 runs, 1 hit, 0 errors, 0 left on base; Pennsauken 5 - Royse City 3
BOTTOM OF THE 6TH
Royse City Targaryens batting - Pitching for Pennsauken Flyers : RHP Augusto Ramos
Batting: RHB Manuel Ramos 0-0: Ball
1-0: Ground out 3-1 (Groundball, 34S)
Pitching: RHP Robby McDonald
Batting: RHB Craig Greene 0-0: Called Strike
0-1: Ball
1-1: Ball
2-1: Ball
3-1: SINGLE (Line Drive, 56D)
Batting: LHB Fernando Ramírez 0-0: Ball
1-0: Called Strike
1-1: Ball
2-1: Ball
3-1: Base on Balls
Craig Greene to second
Batting: RHB José García 0-0: Ball
1-0: Called Strike
1-1: Fielders Choice at 2nd, 6-4 (Groundball, 6M)
Craig Greene to third
Batting: LHB Santiago Miranda 0-0: Ball
1-0: Fly out, F9 (Flyball, 89S)
Bottom of the 6th over - 0 runs, 1 hit, 0 errors, 2 left on base; Pennsauken 5 - Royse City 3
TOP OF THE 7TH
Pennsauken Flyers batting - Pitching for Royse City Targaryens : RHP Emershan Naidoo
Pitching: RHP Kelsey MacGillivary
Batting: RHB Jack Willis 0-0: Foul Ball, location: 2F
0-1: Ball
1-1: Fly out, F4 (Flyball, 4MD)
Batting: RHB Enrique Ibarra 0-0: Ball
1-0: Foul Ball, location: 2F
1-1: Swinging Strike
1-2: Strikes out swinging
Batting: RHB Chris Teague 0-0: Ball
1-0: Foul Ball, location: 2F
1-1: Ball
2-1: Swinging Strike
2-2: Foul Ball, location: 2F
2-2: Foul Ball, location: 2F
2-2: Strikes out swinging
Top of the 7th over - 0 runs, 0 hits, 0 errors, 0 left on base; Pennsauken 5 - Royse City 3
BOTTOM OF THE 7TH
Royse City Targaryens batting - Pitching for Pennsauken Flyers : RHP Robby McDonald
Batting: LHB Chris Fitzgerald 0-0: Called Strike
0-1: Ball
1-1: Ball
2-1: Ground out 6-3 (Groundball, 6)
Batting: LHB Jayden Laming 0-0: DOUBLE (Flyball, 78D)
Batting: RHB Cristo Cuervo 0-0: Swinging Strike
0-1: Fly out, F9 (Flyball, 9)
Batting: LHB Joe Karnowski 0-0: Foul Ball, location: 2F
0-1: Ball
1-1: SINGLE (Line Drive, 89S)
Jayden Laming to third
Runner from 3rd tries for Home, SAFE, no throw
Batting: RHB Manuel Ramos 0-0: Called Strike
0-1: Ground out 4-3 (Groundball, 4D)
Bottom of the 7th over - 1 run, 2 hits, 0 errors, 1 left on base; Pennsauken 5 - Royse City 4
TOP OF THE 8TH
Pennsauken Flyers batting - Pitching for Royse City Targaryens : RHP Kelsey MacGillivary
Batting: RHB Lester Kwiatkowski 0-0: Foul Ball, location: 2F
0-1: Ball
1-1: Called Strike
1-2: Foul Ball, location: 2F
1-2: Strikes out swinging
Batting: LHB Gong Mao 0-0: SOLO HOME RUN (Flyball, 9D), Distance : 340 ft
Batting: RHB Vincente Flores 0-0: Ball
1-0: Foul Ball, location: 2F
1-1: Ball
2-1: Ball
3-1: Fly out, F9 (Flyball, 9D)
Batting: RHB Kazuyoshi Yoshida 0-0: Called Strike
0-1: Ball
1-1: Ball
2-1: Ball
3-1: SINGLE (Groundball, 6MD)
Batting: RHB Carlos Ávila 0-0: Called Strike
0-1: Called Strike
0-2: Ball
1-2: Foul Ball, location: 2F
1-2: Strikes out swinging
Top of the 8th over - 1 run, 2 hits, 0 errors, 1 left on base; Pennsauken 6 - Royse City 4
BOTTOM OF THE 8TH
Royse City Targaryens batting - Pitching for Pennsauken Flyers : RHP Robby McDonald
Batting: RHB Craig Greene 0-0: Called Strike
0-1: Swinging Strike
0-2: Ball
1-2: Fly out, F7 (Flyball, 7D)
Batting: LHB Fernando Ramírez 0-0: Called Strike
0-1: Ball
1-1: Ball
2-1: Foul Ball, location: 2F
2-2: Foul Ball, location: 2F
2-2: Ground out 1-6-3 (Groundball, 15S)
Batting: RHB José García 0-0: Swinging Strike
0-1: Foul Ball, location: 2F
0-2: Fly out, F7 (Line Drive, 78S)
Bottom of the 8th over - 0 runs, 0 hits, 0 errors, 0 left on base; Pennsauken 6 - Royse City 4
TOP OF THE 9TH
Pennsauken Flyers batting - Pitching for Royse City Targaryens : RHP Kelsey MacGillivary
Batting: RHB Marc Beck 0-0: Swinging Strike
0-1: Ground out 5-3 (Groundball, 5S)
Batting: RHB Jack Willis 0-0: Called Strike
0-1: Swinging Strike
0-2: Ball
1-2: Ball
2-2: Strikes out swinging
Batting: RHB Enrique Ibarra 0-0: Ball
1-0: Called Strike
1-1: Ball
2-1: Fly out, F9 (Flyball, 9)
Top of the 9th over - 0 runs, 0 hits, 0 errors, 0 left on base; Pennsauken 6 - Royse City 4
BOTTOM OF THE 9TH
Royse City Targaryens batting - Pitching for Pennsauken Flyers : RHP Robby McDonald
Pitching: RHP Alain Arnaud
Batting: LHB Santiago Miranda 0-0: Fly out, F8 (Flyball, 8RM)
Batting: LHB Chris Fitzgerald 0-0: Ball
1-0: Ball
2-0: Called Strike
2-1: Ground out 6-3 (Groundball, 6M)
Batting: LHB Jayden Laming 0-0: Ball
1-0: Called Strike
1-1: Called Strike
1-2: Strikes out looking
Bottom of the 9th over - 0 runs, 0 hits, 0 errors, 0 left on base; Pennsauken 6 - Royse City 4
Wednesday, September 19th, 2018 - OOTP Baseball 18.8 Build 76